Map: Flooded City

Players

Metasapien - Winner!

  • Race: Protoss Protoss
  • League: Platinum
  • Spawn Location: 12:00

Kswiss - Winner!

  • Race: Terran Terran
  • League: Silver
  • Spawn Location: 12:00

A.I. 2 (Very Hard)

  • Race: Zerg Zerg
  • Spawn Location: 6:00

A.I. 3 (Harder)

  • Race: Zerg Zerg
  • Spawn Location: 6:00

VOD

Have the link to the VOD?

Description

Time

  • Played on: Sept. 23, 2017, 1:45 a.m.
  • Length: 25:49
Show
View Real Time Build Order
Export as new Build Order

Metasapien Protoss - Winner!

Build Orders: Double Forge 

Get SALT Encoding   

  12  0:02  Probe (Chrono Boost)  
  13  0:12  Probe (Chrono Boost)  
  14  0:23  Pylon  
  14  0:26  Probe (Chrono Boost)  
  15  0:41  Probe (Chrono Boost)  
  16  0:45  Assimilator  
  16  0:52  Probe (Chrono Boost)  
  16  0:53  Forge  
  17  0:58  Gateway  
  17  1:02  Probe (Chrono Boost)  
  18  1:13  Probe (Chrono Boost)  
  19  1:23  Probe (Chrono Boost)  
  20  1:34  Probe (Chrono Boost)  
  21  1:45  Probe (Chrono Boost)  
  22  1:50  Assimilator  
  22  1:54  Cybernetics Core  
  22  1:55  Probe (Chrono Boost)  
  23  2:02  Nexus  
  23  2:10  Pylon  
  23  2:15  Pylon  
  23  2:28  Zealot  
  25  2:32  Pylon  
  25  2:36  Pylon  
  25  2:43  Pylon  
  25  2:47  Gateway  
  25  2:56  Probe (Chrono Boost)  
  26  3:15  Gateway  
  26  3:17  Warp Gate (Chrono Boost)  
  26  3:29  Stalker  
  26  3:30  Probe  
  29  3:41  Probe  
  29  3:42  Forge  
  30  3:51  Probe, Mothership Core  
  33  4:02  Probe  
  33  4:04  Stalker  
  33  4:05  Stalker  
  38  4:12  Probe  
  38  4:15  Assimilator  
  39  4:23  Probe  
  39  4:28  Photon Cannon  
  40  4:32  Photon Cannon  
  40  4:34  Probe  
  41  4:43  Gateway  
  41  4:44  Probe  
  41  4:50  Pylon  
  42  5:08  Robotics Facility  
  42  5:13  Twilight Council  
  42  5:18  Probe  
  42  5:19  Pylon  
  43  5:29  Probe  
  44  5:40  Probe  
  45  5:43  Pylon  
  45  5:48  Gateway  
  45  5:50  Probe  
  45  5:53  Stalker  
  45  5:54  Stalker x2  
  52  6:00  Assimilator  
  52  6:01  Probe  
  53  6:11  Probe  
  53  6:17  Blink (Chrono Boost)  
  54  6:19  Protoss Shields Level 1  
  54  6:22  Probe  
  55  6:30  Immortal (Chrono Boost)  
  55  6:32  Probe  
  59  6:38  Stalker x2  
  59  6:39  Stalker x2  
  60  7:02  Stalker  
  60  7:03  Stalker x2  
  60  7:04  Nexus, Sentry x2  
  70  7:11  Probe  
  71  7:21  Probe  
  72  7:31  Robotics Facility  
  72  7:33  Pylon  
  72  7:34  Pylon  
  72  7:36  Pylon  
  72  7:40  Stalker x3  
  72  7:41  Stalker x2  
  82  7:55  Gateway  
  82  7:57  Gateway  
  82  7:59  Gateway  
  82  8:06  Robotics Facility  
  82  8:12  Stalker x2  
  90  8:13  Stalker  
  90  8:15  Immortal (Chrono Boost)  
  90  8:16  Charge  
  92  8:20  Sentry  
  92  8:21  Probe  
  95  8:31  Probe  
  96  8:36  Pylon  
  96  8:42  Probe, Pylon  
  96  8:48  Assimilator x2  
  97  8:53  Probe  
  98  9:03  Probe, Stalker  
  98  9:05  Stalker x2  
  98  9:06  Stalker x2  
  121  9:17  Immortal (Chrono Boost)  
  121  9:18  Immortal (Chrono Boost)  
  121  9:20  Immortal (Chrono Boost)  
  121  9:27  Protoss Ground Weapons Level 1  
  121  9:36  Probe  
  122  9:51  Templar Archives  
  122  9:54  Photon Cannon  
  122  10:00  Pylon  
  122  10:02  Pylon  
  122  10:06  Nexus  
  122  10:14  Warp Prism (Chrono Boost)  
  122  10:18  Stalker x2  
  122  10:19  Stalker x4  
  122  10:20  Stalker  
  138  10:35  Assimilator  
  138  10:46  Observer (Chrono Boost)  
  138  11:04  Observer (Chrono Boost)  
  136  11:13  Stalker x2  
  136  11:17  Sentry  
  136  11:18  High Templar  
  114  11:27  Probe  
  105  11:37  Probe  
  105  11:39  Stalker x3  
  94  11:40  Stalker x5  
  90  11:48  Probe  
  77  11:59  Probe, Immortal x2 (Chrono Boost)  
  82  12:04  Immortal (Chrono Boost)  
  80  12:09  Probe  
  81  12:20  Probe  
  81  12:21  Stalker x2  
  81  12:22  Stalker x4  
  78  12:30  Probe  
  78  12:33  Warp Prism (Chrono Boost), Observer (Chrono Boost)  
  82  12:39  Protoss Shields Level 2  
  82  12:41  Probe  
  82  12:42  Warp Prism (Chrono Boost)  
  89  12:51  Probe, Forge  
  89  12:52  Immortal (Chrono Boost)  
  89  12:53  Forge  
  89  13:13  Stalker x2  
  89  13:15  High Templar x2  
  89  13:16  High Templar x2  
  89  13:18  High Templar  
  103  13:20  Stalker  
  115  13:34  Immortal (Chrono Boost)  
  115  13:35  Immortal (Chrono Boost)  
  115  13:38  Archon  
  115  13:39  Immortal (Chrono Boost)  
  115  13:40  Archon  
  115  13:43  Sentry x2  
  115  13:44  Sentry  
  121  13:49  Pylon  
  121  13:55  Stalker  
  121  13:56  Stalker  
  121  13:58  Sentry  
  121  13:59  Sentry  
  121  14:01  Pylon  
  129  14:08  Immortal (Chrono Boost)  
  129  14:09  Immortal (Chrono Boost)  
  123  14:20  Stalker  
  123  14:21  Stalker  
  123  14:22  Stalker x2  
  123  14:23  Stalker x2  
  111  14:32  Protoss Ground Weapons Level 2  
  111  14:33  Protoss Ground Armor Level 1  
  111  14:40  Immortal (Chrono Boost)  
  111  14:42  Stalker  
  111  14:44  Stalker x2  
  111  14:45  Stalker x2  
  121  14:59  Nexus  
  121  15:02  Assimilator  
  121  15:04  Probe  
  104  15:14  Probe  
  95  15:25  Probe  
  92  15:32  Assimilator x2  
  84  15:37  Stalker x3  
  84  15:38  Stalker  
  84  15:39  Stalker x2  
  84  15:40  Stalker  
  88  16:00  Stalker x2  
  90  16:12  Stalker  
  90  16:13  Stalker  
  90  16:14  Zealot  
  90  16:15  Zealot x3  
  96  16:28  Protoss Air Armor Level 1  
  88  16:33  Probe  
  83  16:43  Probe  
  80  16:54  Probe  
  77  17:04  Probe  
  77  17:05  Nexus  
  76  17:10  Sentry x2  
  76  17:12  Sentry x2  
  76  17:13  Sentry x2  
  76  17:15  Probe, Stalker  
  88  17:16  Stalker  
  80  17:48  Stalker x3  
  80  17:49  Stalker x4  
  80  17:50  Stalker  
  72  18:16  Immortal (Chrono Boost)  
  72  18:18  Immortal (Chrono Boost)  
  84  18:23  Immortal (Chrono Boost)  
  84  18:39  Probe, Assimilator  
  85  18:46  Assimilator  
  85  18:50  Probe  
  85  18:51  Immortal (Chrono Boost)  
  85  18:53  Immortal (Chrono Boost)  
  94  19:00  Probe  
  99  19:03  Immortal (Chrono Boost)  
  99  19:06  Stalker x3  
  99  19:07  Stalker x2  
  99  19:08  Stalker  
  111  19:10  High Templar  
  111  19:11  Probe, High Templar  
  116  19:28  Robotics Bay  
  116  19:31  Dark Shrine  
  116  19:34  Probe  
  117  19:44  High Templar x2  
  117  19:45  Probe  
  121  19:46  High Templar  
  121  19:51  Stalker x2  
  121  19:52  Stalker x2  
  132  19:54  Sentry  
  132  19:59  Protoss Ground Armor Level 2  
  134  20:00  Protoss Shields Level 3  
  134  20:01  Protoss Ground Weapons Level 3  
  134  20:19  Archon  
  134  20:22  Psionic Storm  
  134  20:27  Archon  
  134  20:34  Stalker x2  
  134  20:35  Stalker x3  
  146  20:36  Stalker x3  
  144  21:01  Stalker x2  
  140  21:06  Stalker  
  140  21:07  Stalker x3  
  140  21:08  Stalker  
  146  21:14  Colossus (Chrono Boost)  
  136  21:23  Immortal (Chrono Boost)  
  144  21:29  Immortal (Chrono Boost)  
  144  21:38  Stalker  
  144  21:39  Stalker  
  146  21:40  Stalker x3  
  146  21:41  Stalker  
  146  21:43  Stalker  
  146  21:46  Stalker  
  140  21:58  Immortal (Chrono Boost)  
  140  22:01  Immortal (Chrono Boost)  
  144  22:08  Stalker x2, Immortal (Chrono Boost)  
  150  22:09  Stalker x2  
  150  22:10  Stalker  
  150  22:13  High Templar  
  150  22:14  High Templar  
  150  22:15  High Templar  
  162  22:25  Archon  
  160  22:40  Colossus x2 (Chrono Boost)  
  162  23:29  Zealot  
  162  23:30  Zealot x6  
  162  23:31  Zealot  
  161  24:48  Stalker  
  161  24:49  Stalker x2  
  161  24:50  Stalker x2  
  161  24:51  Stalker  
  161  24:52  Stalker x2  
Show
View Real Time Build Order
Export as new Build Order

Kswiss Terran - Winner!

Build Orders:  

Get SALT Encoding   

  12  0:07  SCV  
  13  0:19  SCV  
  14  0:26  Supply Depot  
  14  0:31  SCV  
  15  0:48  SCV  
  16  0:50  Barracks  
  16  0:56  Refinery  
  16  1:00  SCV  
  17  1:20  SCV  
  18  1:32  SCV  
  19  1:38  Refinery, Barracks  
  19  1:44  SCV  
  20  1:51  Barracks Tech Lab  
  20  1:56  SCV  
  21  2:12  Orbital Command  
  21  2:22  Factory  
  21  2:27  Supply Depot  
  21  2:32  Barracks Tech Lab  
  21  2:58  Marine  
  22  2:59  Marine  
  23  3:08  Factory Reactor  
  23  3:10  Factory Tech Lab  
  23  3:15  Marine  
  23  3:17  Marine  
  23  3:18  Starport  
  25  3:22  SCV  
  26  3:33  Command Center  
  26  3:34  SCV  
  26  3:38  Marauder  
  29  3:43  Stimpack  
  29  3:45  Marine  
  29  3:46  SCV  
  31  3:54  Starport Tech Lab  
  31  4:13  Supply Depot  
  31  4:34  Marine  
  31  4:35  Supply Depot, Viking, Cyclone  
  37  4:51  Barracks  
  37  4:53  Marine x2  
  37  4:59  SCV  
  40  5:04  Refinery  
  40  5:11  SCV  
  40  5:12  Marauder  
  43  5:22  Medivac  
  43  5:23  SCV  
  46  5:33  Marauder  
  48  5:35  SCV  
  48  5:38  Siege Tank  
  48  5:41  Barracks Tech Lab  
  52  5:47  SCV  
  53  5:50  Supply Depot  
  53  5:52  Medivac  
  55  6:00  SCV  
  56  6:07  Refinery  
  56  6:10  Siege Tank  
  59  6:12  SCV  
  59  6:13  Supply Depot  
  59  6:15  Marine  
  59  6:16  Marine x2  
  63  6:22  Medivac  
  63  6:24  SCV  
  66  6:27  Barracks  
  66  6:33  Marine  
  66  6:34  Marauder  
  66  7:13  Marauder x2, Marine  
  71  7:18  Hellion  
  71  7:20  Viking  
  75  7:28  Barracks Reactor  
  75  7:30  Marine  
  75  7:33  Marine  
  75  7:34  Marine  
  75  7:36  Supply Depot  
  69  7:39  Hellion  
  68  7:48  Marine  
  71  7:54  Medivac  
  71  7:59  Supply Depot  
  71  8:03  Supply Depot  
  71  8:11  Engineering Bay  
  71  8:22  High Capacity Fuel Tanks  
  71  8:24  Medivac  
  71  8:25  Supply Depot  
  73  8:37  Supply Depot  
  73  8:47  Supply Depot  
  73  8:57  Armory  
  73  9:03  Marine  
  73  9:04  Supply Depot, Marine  
  73  9:07  Marauder x2, Marine  
  80  9:21  Marine x2  
  82  9:28  Marauder x2  
  86  9:39  Marine x2  
  88  9:46  Missile Turret  
  88  9:53  Barracks Reactor  
  88  9:59  Hellbat  
  90  10:14  Starport  
  90  10:16  Supply Depot  
  90  10:21  Terran Vehicle Weapons Level 1, Hellbat  
  92  10:23  Terran Infantry Weapons Level 1  
  88  10:38  Supply Depot  
  34  10:54  Marauder x2  
  34  10:55  Marine x4  
  42  11:00  SCV  
  43  11:12  SCV, Marine x2  
  43  11:13  Marine  
  43  11:15  Marauder x2  
  51  11:26  Starport Reactor  
  51  11:27  Medivac  
  53  11:57  Medivac  
  50  12:15  Terran Vehicle And Ship Armor Level 1  
  49  12:18  Terran Infantry Armor Level 1  
  43  12:46  Marine x2  
  43  12:47  Marauder x2, Marine x2  
  51  12:58  Viking x2  
  57  13:00  Banshee  
  57  13:03  Marine x2  
  57  13:05  Marine x2  
  61  13:07  SCV  
  61  13:08  Marauder  
  61  13:11  Command Center  
  65  13:19  SCV  
  66  13:45  Siege Tank  
  66  13:47  Refinery  
  66  13:48  Refinery  
  69  14:03  Orbital Command  
  69  14:09  Terran Vehicle Weapons Level 2  
  66  14:11  Terran Infantry Weapons Level 2  
  47  14:17  Siege Tank  
  43  14:26  Marine x3  
  43  14:28  Marauder x2  
  43  14:29  Marine  
  48  14:49  Marauder x2  
  52  14:58  Hellion  
  54  15:02  Medivac x2  
  54  15:03  Medivac  
  60  15:19  Hellion  
  60  15:20  SCV  
  63  15:29  Marine x4  
  63  15:31  Marauder  
  63  15:32  SCV, Marine  
  71  15:41  Hellion  
  71  15:44  SCV  
  64  15:50  Supply Depot  
  64  15:56  SCV  
  59  16:08  SCV  
  56  16:25  Terran Ship Weapons Level 1  
  56  16:27  Terran Infantry Armor Level 2  
  56  16:43  Marine  
  56  16:44  Marine x2  
  56  16:45  Marauder, Marine  
  56  16:46  Marauder  
  61  17:01  Marine x2  
  61  17:02  Marine  
  61  17:03  Marine  
  61  17:07  Marauder x2  
  65  17:18  Thor  
  65  17:19  Marine x3  
  65  17:21  Marine  
  75  17:28  Marauder x2  
  79  17:37  Marine x3  
  79  17:39  SCV, Marine  
  80  17:49  Marine  
  80  17:50  Marauder  
  84  17:51  SCV  
  84  17:55  Marine  
  85  18:03  SCV  
  86  18:07  Marauder  
  86  18:11  Marauder  
  90  18:14  Command Center  
  90  18:15  SCV  
  91  18:21  Marine x4  
  95  18:27  SCV  
  95  18:28  Marine  
  95  18:32  Liberator  
  95  18:33  Supply Depot  
  97  18:39  Terran Vehicle And Ship Armor Level 2  
  97  18:43  Terran Infantry Weapons Level 3  
  97  18:55  Supply Depot  
  100  19:36  SCV  
  101  19:48  SCV  
  102  19:55  Supply Depot  
  102  20:01  Marine x3  
  102  20:02  Marine x3  
  109  20:08  Combat Shields  
  109  20:15  Concussive Shells  
  109  20:19  Marine x4  
  109  20:20  Marine x2  
  115  20:21  SCV  
  115  20:25  Supply Depot  
  115  20:29  Medivac  
  115  20:30  Medivac  
  115  20:33  SCV  
  120  20:37  Marine x4  
  120  20:38  Marine x2  
  126  20:45  SCV  
  126  20:46  Refinery  
  126  20:47  Supply Depot  
  126  20:48  Refinery  
  127  20:55  Marine x4  
  127  20:56  Marine x2  
  131  20:57  SCV  
  116  21:10  SCV  
  104  21:14  Marine x2  
  95  21:22  SCV  
  94  21:34  SCV  
  94  21:35  Marine x3  
  94  21:36  Marauder x2, Marine  
  103  21:46  SCV  
  104  21:51  Unknown  
  104  21:53  Marine x3  
  100  21:54  Marine  
  100  21:55  Unknown  
  100  21:57  Marauder x2  
  100  21:58  SCV  
  101  22:10  SCV  
  102  22:19  Marauder x2  
  102  22:21  Unknown  
  102  22:22  SCV  
  96  22:40  Marauder  
  93  22:56  Marine x5  
  98  23:01  Marauder  
  99  23:08  Medivac x3  
  103  23:14  SCV, Marine x4  
  103  23:15  Marauder  
  110  23:23  Marauder  
  110  23:26  SCV  
  112  23:32  Marine x4  
  116  23:36  Marauder  
  116  23:38  SCV  
  119  23:44  Marauder  
  121  23:49  Marine x3  
  121  23:50  SCV, Marine  
  126  23:57  Marauder  
  126  24:02  SCV  
  127  24:03  Unknown  
  127  24:06  Marauder  
  129  24:10  Raven  
  129  24:12  Unknown  
  129  24:15  Marine x3  
  129  24:16  Marine  
  135  24:19  Marauder  
  137  24:27  Marauder  
  139  24:33  Marine x4  
  141  24:40  Marauder  
  141  24:48  Marauder  
  141  24:51  Marine x4  
  147  24:53  Raven  
  149  25:01  Marine  
  150  25:08  Marine  
  150  25:09  Marine  
  150  25:10  Marauder  
  154  25:19  Marauder  
Show
View Real Time Build Order
Export as new Build Order

A.I. 2 (Very Hard) Zerg 

Build Orders: Pool First 

Get SALT Encoding   

  12  0:01  Drone  
  13  0:12  Overlord  
  13  0:17  Drone  
  14  0:30  Drone  
  14  0:31  Drone  
  14  0:34  Drone  
  17  0:48  Spawning Pool  
  17  0:49  Drone  
  17  1:12  Hatchery  
  17  1:15  Drone  
  17  1:18  Extractor  
  16  1:20  Drone  
  16  1:24  Extractor  
  16  1:26  Drone  
  16  1:31  Drone  
  18  1:38  Drone  
  19  1:49  Overlord  
  19  1:58  Queen  
  21  2:04  Zergling x2  
  22  2:11  Drone  
  23  2:25  Queen  
  25  2:31  Drone  
  26  2:37  Drone  
  26  2:42  Drone  
  28  2:47  Drone  
  29  3:00  Roach Warren  
  29  3:02  Drone  
  29  3:05  Drone  
  30  3:08  Zergling x2  
  30  3:11  Zergling x2  
  31  3:15  Zergling x2  
  32  3:21  Overlord  
  32  3:25  Drone  
  33  3:27  Drone  
  34  3:40  Roach  
  36  3:43  Roach x2  
  36  3:45  Roach  
  42  3:53  Lair  
  42  3:58  Overlord  
  42  4:03  Overlord  
  42  4:07  Zergling x2  
  43  4:16  Drone, Zergling x4  
  46  4:17  Drone  
  46  4:20  Drone  
  46  4:23  Drone  
  49  4:25  Drone  
  49  4:30  Roach  
  52  4:33  Roach  
  52  4:37  Overlord  
  54  4:45  Drone  
  54  4:47  Drone  
  54  4:49  Drone  
  54  4:51  Drone  
  58  4:55  Drone, Infestation Pit  
  58  4:57  Overlord  
  58  5:03  Hydralisk Den  
  57  5:08  Drone  
  57  5:09  Drone  
  57  5:11  Drone  
  57  5:14  Drone  
  61  5:15  Drone  
  61  5:17  Drone  
  61  5:19  Drone  
  61  5:21  Drone  
  65  5:23  Drone  
  65  5:26  Overlord  
  66  5:28  Drone  
  66  5:30  Drone  
  66  5:31  Drone  
  66  5:33  Drone  
  66  5:34  Hydralisk  
  72  5:38  Hydralisk  
  74  5:44  Infestor, Hydralisk  
  74  5:46  Overlord  
  74  5:48  Hydralisk  
  80  5:52  Roach  
  82  6:04  Overlord, Infestor, Ravager, Roach, Hydralisk  
  84  6:05  Ravager  
  90  6:14  Extractor  
  90  6:15  Roach  
  91  6:18  Extractor  
  91  6:21  Hydralisk  
  91  6:22  Overlord, Roach  
  91  6:23  Hatchery  
  91  6:24  Drone  
  94  6:26  Hydralisk  
  94  6:30  Hydralisk  
  98  6:36  Drone  
  99  6:40  Infestor  
  99  6:41  Overlord, Drone  
  99  6:42  Drone  
  99  6:43  Drone  
  99  6:44  Drone  
  105  6:47  Zergling x2  
  105  6:52  Zergling x4  
  108  6:59  Overlord, Zergling x2  
  108  7:01  Infestor, Baneling Nest  
  109  7:02  Drone  
  111  7:10  Roach  
  113  7:17  Metabolic Boost  
  113  7:18  Overlord  
  113  7:22  Overseer  
  113  7:28  Evolution Chamber  
  113  7:29  Drone  
  113  7:31  Drone, Spine Crawler, Zergling x2  
  113  7:32  Zergling x2  
  113  7:33  Zergling x4  
  113  7:34  Zergling x2  
  113  7:36  Drone  
  109  7:40  Drone  
  110  7:44  Zergling x2  
  110  7:45  Drone, Baneling, Roach  
  110  7:46  Baneling  
  110  7:47  Drone  
  110  7:48  Drone  
  110  7:50  Drone  
  117  7:51  Drone  
  117  7:53  Drone  
  117  7:54  Drone, Zerg Missile Weapons Level 1  
  117  7:56  Drone  
  117  7:57  Drone  
  122  8:02  Overlord  
  122  8:05  Baneling  
  122  8:06  Baneling  
  122  8:07  Drone x2  
  122  8:11  Baneling  
  124  8:13  Drone  
  124  8:17  Drone, Zergling x4, Roach  
  124  8:18  Drone  
  131  8:21  Evolution Chamber  
  131  8:22  Overlord  
  131  8:23  Drone x2  
  131  8:25  Drone  
  133  8:28  Drone, Evolution Chamber  
  133  8:30  Drone  
  133  8:33  Spine Crawler  
  133  8:34  Queen  
  133  8:35  Drone  
  133  8:39  Baneling  
  133  8:40  Zergling x2, Baneling x2  
  133  8:41  Overlord  
  137  8:44  Centrifical Hooks  
  137  8:46  Zergling x2  
  137  8:47  Zerg Melee Weapons Level 1  
  138  8:48  Hydralisk  
  138  8:49  Roach  
  138  8:50  Roach  
  138  8:52  Roach  
  138  8:53  Hydralisk  
  138  8:54  Zerg Ground Armor Level 1  
  148  8:57  Lurker Den  
  148  8:59  Overlord  
  148  9:10  Extractor  
  148  9:12  Extractor  
  148  9:15  Spore Crawler  
  145  9:19  Spore Crawler  
  145  9:20  Drone  
  145  9:21  Spore Crawler  
  144  9:24  Hive  
  144  9:33  Overlord, Drone x2  
  144  9:35  Drone  
  144  9:36  Drone x2  
  149  9:44  Spine Crawler  
  149  9:45  Drone  
  149  9:46  Spine Crawler  
  149  9:47  Drone  
  149  9:48  Spine Crawler  
  149  9:49  Drone  
  149  9:51  Zerg Missile Weapons Level 2  
  149  10:02  Drone, Spine Crawler  
  149  10:04  Spine Crawler  
  148  10:07  Pathogen Glands  
  148  10:11  Queen  
  150  10:17  Hatchery  
  149  10:24  Lurker  
  149  10:25  Lurker  
  149  10:26  Hydralisk x2  
  149  10:27  Overlord  
  155  10:28  Spore Crawler  
  155  10:30  Spore Crawler  
  155  10:32  Spore Crawler  
  155  10:33  Baneling  
  155  10:34  Zergling x4  
  155  10:35  Zergling x4  
  151  10:36  Spore Crawler, Zergling x4  
  151  10:37  Zergling x4  
  151  10:38  Infestor, Zergling x2  
  151  10:39  Infestor, Viper  
  151  10:40  Zergling x2  
  136  10:42  Hydralisk  
  136  10:43  Roach  
  136  10:44  Roach  
  136  10:45  Roach  
  136  10:46  Roach  
  136  10:48  Roach  
  136  10:49  Roach  
  121  10:51  Roach  
  121  10:53  Hydralisk  
  121  10:56  Overseer  
  115  10:58  Roach  
  115  10:59  Zergling x2  
  115  11:01  Hydralisk  
  115  11:02  Zergling x2  
  114  11:04  Hydralisk  
  114  11:07  Hydralisk  
  114  11:09  Zergling x2  
  114  11:10  Roach  
  114  11:11  Zergling x2, Roach  
  113  11:12  Zergling x2  
  113  11:15  Baneling x2  
  113  11:16  Roach, Zergling x2, Hydralisk  
  113  11:17  Zergling x2  
  113  11:18  Zergling x4  
  111  11:21  Zergling x2  
  111  11:22  Zergling x2  
  111  11:25  Roach  
  107  11:29  Roach  
  107  11:30  Baneling, Roach  
  107  11:31  Hydralisk  
  103  11:33  Drone  
  103  11:35  Drone  
  103  11:38  Hydralisk  
  93  11:41  Drone  
  93  11:42  Drone  
  93  11:44  Drone  
  93  11:45  Drone  
  92  11:48  Drone  
  92  11:50  Drone  
  92  11:51  Drone  
  92  11:54  Drone  
  90  11:55  Zergling x2, Overseer  
  90  11:56  Zergling x2  
  90  11:58  Drone  
  92  12:01  Infestor  
  92  12:04  Roach  
  92  12:05  Roach  
  92  12:08  Roach  
  88  12:09  Hydralisk  
  88  12:12  Roach  
  88  12:14  Hydralisk  
  88  12:17  Zergling x2  
  88  12:18  Hydralisk  
  88  12:20  Hydralisk  
  88  12:22  Drone  
  88  12:24  Zergling x2  
  88  12:25  Drone  
  88  12:27  Drone  
  88  12:28  Drone  
  84  12:30  Drone  
  84  12:32  Drone  
  84  12:35  Drone  
  84  12:36  Drone  
  86  12:38  Drone  
  86  12:40  Drone  
  86  12:42  Drone  
  86  12:43  Drone  
  90  12:44  Drone  
  90  12:46  Drone  
  90  12:47  Drone  
  93  12:57  Ultralisk Cavern  
  92  12:59  Drone  
  92  13:00  Zergling x2  
  92  13:01  Zergling x2  
  92  13:02  Zergling x2  
  92  13:04  Roach  
  100  13:05  Roach  
  100  13:07  Infestor  
  100  13:11  Infestor  
  104  13:14  Zergling x2  
  104  13:15  Zergling x4  
  104  13:16  Roach x2  
  104  13:17  Roach  
  104  13:18  Zergling x2  
  104  13:19  Zergling x2  
  115  13:21  Roach  
  115  13:22  Roach  
  119  13:27  Zergling x2  
  119  13:28  Queen  
  119  13:32  Infestor  
  123  13:36  Extractor  
  123  13:37  Extractor  
  123  13:40  Extractor  
  120  13:42  Spine Crawler, Hatchery  
  120  13:43  Drone  
  120  13:44  Drone  
  120  13:45  Infestor  
  120  13:46  Spine Crawler, Ultralisk  
  127  13:58  Drone, Ultralisk  
  127  13:59  Drone x2  
  127  14:00  Drone x2  
  139  14:02  Drone  
  139  14:03  Drone x2  
  139  14:04  Overlord  
  139  14:08  Zergling x2  
  139  14:09  Zergling x2  
  139  14:10  Zergling x2  
  139  14:11  Zergling x2  
  139  14:13  Zergling x4  
  139  14:15  Zergling x2  
  139  14:16  Zergling x2  
  137  14:18  Hydralisk  
  137  14:20  Hydralisk  
  137  14:22  Zergling x2  
  137  14:23  Zergling x2  
  133  14:25  Roach  
  133  14:27  Hydralisk  
  133  14:29  Hydralisk  
  119  14:31  Baneling, Roach  
  119  14:32  Baneling, Roach  
  119  14:34  Baneling  
  119  14:35  Roach  
  119  14:36  Zergling x4  
  119  14:38  Roach  
  127  14:40  Roach  
  127  14:41  Hydralisk  
  127  14:43  Hydralisk  
  133  14:45  Hydralisk  
  133  14:48  Hydralisk  
  133  14:50  Hydralisk  
  133  14:52  Hydralisk  
  141  14:55  Drone x2  
  141  14:56  Drone  
  141  14:57  Drone  
  145  15:00  Zergling x2  
  145  15:03  Zergling x2  
  145  15:04  Zergling x6  
  145  15:05  Zergling x4  
  145  15:06  Zergling x2  
  139  15:07  Zergling x2  
  139  15:08  Hydralisk  
  139  15:12  Roach  
  118  15:15  Roach x2  
  118  15:17  Roach  
  120  15:21  Ultralisk  
  120  15:27  Ultralisk  
  134  15:28  Roach  
  134  15:29  Roach  
  134  15:30  Hydralisk  
  134  15:32  Hydralisk  
  140  15:38  Ultralisk  
  146  15:43  Ultralisk  
  146  15:48  Spore Crawler, Zergling x2  
  139  15:50  Spore Crawler, Zergling x2  
  139  15:51  Zergling x2  
  139  15:52  Infestor  
  139  15:53  Spore Crawler  
  139  15:54  Roach  
  139  15:56  Hydralisk  
  133  15:58  Roach  
  133  16:00  Roach  
  133  16:02  Hydralisk  
  133  16:05  Roach  
  133  16:06  Roach  
  133  16:07  Roach  
  135  16:13  Queen, Zergling x2  
  135  16:15  Zergling x2, Hydralisk  
  135  16:17  Roach  
  135  16:18  Hatchery  
  132  16:20  Roach  
  132  16:21  Roach  
  132  16:23  Zergling x2, Hydralisk  
  132  16:24  Zergling x2  
  127  16:26  Roach  
  127  16:28  Roach  
  121  16:34  Zergling x2, Hydralisk  
  121  16:35  Baneling x2  
  121  16:36  Zergling x2  
  121  16:38  Zergling x4  
  121  16:39  Zergling x2  
  114  16:40  Zergling x2  
  114  16:41  Ultralisk  
  114  16:43  Hydralisk  
  116  16:47  Baneling  
  116  16:49  Hydralisk  
  111  16:58  Extractor, Roach  
  108  17:01  Extractor, Ultralisk  
  108  17:03  Roach  
  108  17:05  Roach  
  108  17:07  Zergling x2  
  113  17:08  Spine Crawler, Zergling x2  
  113  17:09  Zergling x2  
  113  17:10  Roach  
  113  17:11  Spine Crawler  
  113  17:12  Roach  
  113  17:13  Roach  
  113  17:14  Hydralisk  
  113  17:15  Hydralisk  
  112  17:18  Hydralisk  
  112  17:22  Overseer  
  112  17:31  Drone  
  112  17:32  Drone x2  
  112  17:33  Drone  
  112  17:34  Drone x2  
  112  17:35  Drone x2, Ultralisk  
  125  17:42  Ultralisk  
  131  17:48  Infestor  
  133  17:51  Spore Crawler  
  133  17:52  Drone  
  133  17:53  Spore Crawler  
  133  17:55  Drone  
  133  17:56  Drone, Spore Crawler, Infestor  
  135  18:01  Zergling x2  
  135  18:03  Infestor  
  137  18:10  Queen  
  137  18:11  Infestor  
  141  18:20  Ultralisk  
  147  18:29  Overlord, Ultralisk  
  147  18:30  Extractor  
  147  18:32  Drone  
  153  18:36  Infestor  
  153  18:41  Extractor  
  154  18:42  Drone  
  154  18:43  Infestor  
  157  18:52  Viper  
  157  18:53  Overlord  
  157  18:54  Zergling x2  
  161  18:56  Zergling x2, Overseer  
  161  18:57  Zergling x4, Overseer  
  161  18:58  Zergling x2  
  161  18:59  Zergling x4  
  161  19:00  Zergling x2  
  168  19:04  Pneumatized Carapace  
  168  19:05  Baneling  
  168  19:06  Spine Crawler, Zergling x2, Baneling  
  168  19:07  Drone, Baneling  
  168  19:08  Zergling x2, Baneling  
  168  19:09  Spine Crawler  
  169  19:11  Drone  
  169  19:12  Overlord  
  170  19:18  Zergling x2, Baneling x2  
  170  19:21  Zergling x2, Baneling x2  
  170  19:22  Zergling x2, Baneling  
  170  19:23  Baneling x2  
  170  19:24  Zergling x2, Baneling  
  174  19:25  Zergling x2, Baneling  
  174  19:26  Baneling  
  174  19:27  Viper  
  174  19:29  Zergling x2, Baneling x2  
  174  19:30  Overlord  
  179  19:39  Spire  
  179  19:40  Drone  
  179  19:44  Spine Crawler  
  178  19:46  Drone  
  178  19:47  Spine Crawler  
  178  19:58  Zerg Melee Weapons Level 2  
  178  20:00  Spine Crawler  
  178  20:07  Zerg Missile Weapons Level 3  
  177  20:16  Zerg Ground Armor Level 2  
  177  20:25  Zergling x2  
  178  20:33  Zergling x2  
  178  20:34  Zergling x2  
  176  20:35  Spore Crawler  
  176  20:37  Zergling x2  
  176  20:38  Zergling x4  
  176  20:39  Spore Crawler, Zergling x2, Hydralisk x2  
  176  20:40  Zergling x2, Hydralisk  
  176  20:41  Hydralisk  
  176  20:42  Zergling x2, Hydralisk x3  
  182  20:43  Spore Crawler, Hydralisk  
  182  20:44  Baneling, Roach  
  182  20:45  Roach, Hydralisk x2  
  182  20:46  Hydralisk  
  182  20:47  Spine Crawler, Zergling x2, Baneling  
  182  20:48  Roach  
  178  20:50  Spore Crawler, Roach  
  178  20:51  Corruptor  
  178  20:53  Roach  
  178  20:54  Spine Crawler  
  178  20:55  Greater Spire  
  178  20:56  Corruptor  
  165  20:57  Baneling  
  165  20:58  Zergling x2, Baneling  
  165  20:59  Zergling x2, Baneling  
  165  21:01  Spore Crawler, Zergling x2  
  151  21:05  Hydralisk  
  151  21:08  Hydralisk  
  138  21:11  Hydralisk  
  138  21:14  Hydralisk  
  138  21:17  Hydralisk  
  144  21:21  Baneling  
  144  21:25  Baneling  
  144  21:26  Zergling x2, Baneling, Hydralisk  
  144  21:27  Baneling  
  144  21:28  Zergling x2  
  146  21:33  Baneling  
  146  21:34  Ultralisk  
  146  21:38  Zergling x2  
  146  21:39  Zergling x2  
  150  21:40  Zergling x2  
  150  21:41  Zergling x2  
  150  21:42  Zergling x2  
  150  21:43  Zergling x2  
  150  21:45  Zergling x2  
  150  21:46  Baneling  
  127  21:47  Roach  
  127  21:49  Roach  
  127  21:52  Roach  
  116  21:54  Roach  
  116  21:57  Roach  
  116  22:01  Hydralisk  
  113  22:02  Corruptor  
  110  22:11  Spire  
  102  22:18  Zergling x2  
  102  22:20  Zergling x2  
  100  22:24  Roach  
  100  22:26  Roach  
  100  22:29  Roach  
  94  22:32  Roach  
  94  22:35  Roach  
  95  22:38  Hydralisk  
  95  22:41  Hydralisk  
  95  22:42  Corruptor  
  100  22:45  Zergling x2  
  100  22:51  Zergling x2  
  97  22:53  Zergling x2  
  97  22:55  Roach  
  97  22:58  Roach  
  94  23:01  Roach  
  94  23:04  Hydralisk  
  94  23:06  Zergling x2  
  94  23:07  Zergling x2  
  94  23:09  Zergling x2  
  95  23:13  Zergling x2, Roach  
  95  23:17  Roach  
  89  23:26  Hydralisk Den, Roach  
  85  23:28  Corruptor  
  73  23:44  Roach  
  73  23:46  Roach  
  73  23:49  Roach  
  73  23:52  Spawning Pool  
  9  24:57  Drone  
  9  24:59  Drone  
  8  25:00  Drone  
  8  25:01  Drone  
  8  25:03  Drone  
  8  25:09  Drone  
  8  25:14  Spawning Pool  
Show
View Real Time Build Order
Export as new Build Order

A.I. 3 (Harder) Zerg 

Build Orders: Pool First 

Get SALT Encoding   

  12  0:01  Drone  
  13  0:12  Overlord  
  13  0:17  Drone  
  14  0:30  Drone  
  14  0:31  Drone  
  16  0:43  Spawning Pool  
  16  0:45  Drone  
  17  0:50  Drone  
  17  0:53  Extractor  
  17  0:55  Drone  
  17  1:06  Overlord  
  17  1:31  Queen, Zergling x2  
  20  1:37  Roach Warren  
  20  1:38  Drone  
  20  1:40  Zergling x2  
  20  1:44  Extractor  
  20  1:49  Drone  
  21  2:00  Drone  
  22  2:10  Overlord  
  22  2:21  Drone  
  23  2:32  Roach  
  25  2:38  Drone  
  25  2:41  Roach  
  28  2:44  Overlord  
  28  2:51  Roach  
  30  3:00  Roach  
  32  3:09  Roach  
  32  3:10  Overlord  
  34  3:18  Roach  
  36  3:28  Roach  
  38  3:37  Roach  
  38  3:40  Overlord  
  40  3:46  Roach  
  42  3:56  Drone, Roach  
  42  3:59  Drone  
  46  4:06  Drone  
  47  4:13  Drone, Roach  
  47  4:14  Overlord  
  50  4:18  Drone  
  51  4:29  Drone  
  52  4:31  Baneling Nest  
  51  4:39  Drone, Evolution Chamber  
  51  4:45  Drone, Roach  
  54  4:54  Roach  
  56  5:04  Roach  
  58  6:17  Overlord, Lair, Zerg Melee Weapons Level 1  
  58  6:34  Spore Crawler  
  58  6:39  Spore Crawler  
  55  6:40  Drone, Zergling x2  
  55  6:46  Hatchery  
  49  6:47  Drone  
  34  7:03  Roach  
  30  7:12  Roach  
  30  7:15  Burrow  
  32  7:17  Hydralisk Den  
  31  7:23  Spine Crawler  
  30  7:30  Spine Crawler  
  30  7:31  Ravager, Roach  
  32  7:45  Lurker Den  
  32  7:46  Hydralisk  
  34  7:55  Hydralisk  
  34  7:58  Drone, Queen  
  39  7:59  Drone x2  
  39  8:01  Drone x2  
  39  8:02  Drone  
  39  8:04  Overseer, Hydralisk  
  46  8:08  Drone  
  46  8:10  Drone  
  46  8:11  Drone  
  46  8:12  Zerg Missile Weapons Level 1  
  49  8:14  Hydralisk  
  49  8:15  Drone  
  49  8:19  Drone  
  53  8:23  Extractor  
  53  8:24  Drone  
  53  8:25  Spore Crawler  
  52  8:28  Drone  
  52  8:30  Drone  
  54  8:36  Hydralisk  
  56  8:45  Overseer, Hydralisk  
  56  8:47  Drone x2  
  60  8:52  Overseer  
  60  8:57  Spore Crawler  
  60  8:58  Drone  
  60  9:03  Queen  
  62  9:10  Infestation Pit  
  62  9:12  Lurker  
  62  9:13  Lurker  
  62  9:14  Hydralisk Den, Drone  
  62  9:15  Lurker  
  62  9:17  Hydralisk  
  66  9:25  Overlord  
  66  9:26  Hydralisk  
  68  9:35  Spine Crawler, Hydralisk  
  69  9:39  Spine Crawler  
  68  9:46  Spire  
  68  9:47  Drone  
  68  9:53  Evolution Chamber  
  68  9:54  Drone  
  68  10:06  Zerg Ground Armor Level 1  
  68  10:15  Drone, Extractor  
  68  10:30  Overlord, Pneumatized Carapace, Roach  
  68  10:34  Roach  
  72  10:37  Roach  
  72  10:38  Overseer, Hatchery  
  72  10:41  Roach  
  75  10:44  Infestor  
  75  10:48  Roach  
  79  10:52  Roach  
  79  10:53  Overlord  
  79  10:55  Roach  
  83  10:59  Roach  
  83  11:03  Roach  
  87  11:06  Roach  
  87  11:10  Hydralisk  
  91  11:13  Infestor  
  91  11:15  Overlord  
  91  11:18  Zergling x2  
  82  11:22  Roach  
  82  11:25  Hydralisk  
  70  11:27  Roach  
  70  11:28  Hydralisk  
  70  11:30  Overseer  
  72  11:33  Roach  
  72  11:35  Roach  
  72  11:39  Roach  
  75  11:42  Roach  
  75  11:46  Roach  
  76  11:50  Roach  
  76  11:54  Roach  
  78  11:57  Roach  
  76  12:13  Hatchery  
  74  12:16  Drone  
  74  12:19  Drone  
  74  12:22  Drone  
  73  12:25  Overseer  
  73  12:28  Roach  
  73  12:32  Zergling x2  
  73  12:36  Roach  
  71  12:39  Roach  
  71  12:43  Roach  
  75  12:47  Roach  
  75  12:51  Hydralisk  
  77  12:56  Hydralisk  
  81  13:00  Overlord  
  81  13:05  Hydralisk  
  81  13:09  Hydralisk  
  85  13:13  Drone  
  85  13:15  Drone  
  85  13:17  Drone  
  88  13:22  Overlord  
  88  13:24  Drone  
  88  13:26  Drone  
  90  13:29  Drone  
  90  13:31  Drone  
  92  13:34  Drone  
  92  13:37  Drone  
  92  13:39  Drone  
  95  13:42  Drone  
  95  13:44  Drone  
  95  13:46  Drone  
  98  13:48  Drone  
  98  13:52  Overlord  
  98  13:55  Zergling x2  
  100  13:56  Roach  
  100  13:57  Zergling x2  
  100  14:01  Mutalisk, Roach  
  103  14:04  Roach  
  103  14:05  Mutalisk  
  103  14:08  Zergling x2, Roach  
  103  14:09  Mutalisk  
  99  14:11  Zergling x2  
  99  14:13  Zergling x2  
  99  14:14  Zergling x2, Baneling x2  
  99  14:16  Zergling x2  
  93  14:17  Zergling x2  
  93  14:18  Baneling  
  93  14:19  Zergling x2  
  93  14:20  Baneling  
  93  14:22  Mutalisk  
  85  14:24  Mutalisk  
  85  14:27  Mutalisk  
  85  14:29  Baneling  
  85  14:30  Zergling x4  
  89  14:32  Zergling x2  
  89  14:33  Zergling x2  
  89  14:35  Zergling x2  
  89  14:36  Zergling x2  
  89  14:37  Zergling x2  
  92  14:38  Zergling x2  
  92  14:39  Baneling  
  92  14:41  Zergling x2  
  92  14:42  Baneling x2  
  92  14:44  Zergling x2, Baneling  
  92  14:45  Baneling  
  87  14:46  Zergling x2  
  87  14:48  Mutalisk  
  87  14:51  Mutalisk  
  86  14:55  Mutalisk  
  86  14:57  Mutalisk  
  90  15:00  Mutalisk  
  90  15:04  Drone  
  90  15:05  Mutalisk  
  90  15:06  Drone  
  93  15:07  Drone  
  93  15:09  Drone  
  93  15:10  Drone  
  93  15:11  Drone  
  93  15:12  Drone  
  97  15:14  Drone  
  97  15:15  Drone  
  97  15:16  Zergling x2  
  97  15:18  Zergling x2  
  86  15:22  Zergling x2  
  86  15:23  Zergling x2  
  86  15:24  Zergling x2  
  86  15:26  Zergling x2  
  86  15:27  Zergling x2  
  83  15:30  Zergling x2  
  83  15:32  Zergling x2  
  83  15:33  Zergling x2  
  83  15:35  Drone, Zergling x2  
  80  15:37  Zergling x2  
  80  15:38  Zergling x2  
  80  15:39  Baneling  
  80  15:40  Baneling  
  70  15:45  Baneling  
  70  15:46  Baneling x2  
  64  15:54  Mutalisk  
  60  15:58  Extractor  
  60  16:01  Extractor  
  58  16:07  Mutalisk  
  61  16:11  Zergling x2  
  61  16:14  Drone  
  61  16:15  Zergling x2  
  55  16:19  Zergling x2  
  55  16:20  Zergling x2  
  55  16:25  Zergling x2  
  52  16:27  Zergling x2  
  52  16:30  Zergling x2, Mutalisk  
  50  16:39  Roach  
  48  16:43  Roach  
  48  16:47  Roach  
  51  16:50  Hydralisk  
  51  16:58  Baneling x4  
  51  17:00  Baneling  
  51  17:02  Infestor  
  51  17:06  Hatchery  
  51  17:07  Roach  
  54  17:10  Roach  
  54  17:11  Hydralisk  
  54  17:14  Roach  
  58  17:17  Hydralisk  
  58  17:20  Hydralisk  
  62  17:26  Extractor  
  61  17:32  Infestor  
  63  17:43  Hydralisk  
  63  17:46  Extractor  
  63  17:47  Hive  
  63  17:49  Drone  
  63  17:50  Drone x2  
  59  17:58  Zergling x2  
  59  18:02  Corruptor  
  60  18:09  Drone  
  60  18:10  Drone x2  
  63  18:29  Overseer  
  63  18:33  Roach  
  65  18:37  Roach  
  65  18:41  Roach  
  69  18:44  Roach  
  69  18:48  Roach  
  73  18:51  Roach  
  73  18:54  Hydralisk  
  77  18:58  Hydralisk  
  77  18:59  Greater Spire  
  77  19:02  Hydralisk  
  81  19:06  Infestor  
  83  19:10  Infestor  
  85  19:17  Drone  
  85  19:19  Drone  
  85  19:22  Drone  
  85  19:23  Overlord  
  88  19:29  Drone  
  89  19:31  Viper  
  89  19:33  Drone  
  89  19:34  Drone  
  94  19:38  Drone  
  94  19:39  Drone  
  94  19:44  Overlord  
  96  19:47  Drone  
  96  19:49  Drone  
  96  19:51  Drone  
  99  19:54  Drone  
  99  19:56  Drone  
  99  19:58  Drone  
  102  20:01  Drone  
  102  20:02  Drone  
  102  20:06  Overlord  
  104  20:07  Drone  
  104  20:10  Drone  
  104  20:11  Drone, Brood Lord  
  104  20:12  Corruptor  
  111  20:19  Roach  
  113  20:21  Roach  
  113  20:24  Roach  
  113  20:26  Overlord  
  117  20:29  Roach  
  117  20:32  Hydralisk  
  117  20:34  Hydralisk  
  123  20:38  Infestor  
  123  20:40  Infestor, Zerg Melee Weapons Level 2  
  127  20:45  Overlord  
  127  20:50  Zerg Ground Armor Level 2  
  123  20:57  Zergling x2  
  123  20:59  Roach  
  123  21:01  Infestor  
  123  21:04  Overlord  
  127  21:07  Roach  
  127  21:09  Roach  
  123  21:11  Roach  
  123  21:12  Hydralisk  
  123  21:14  Roach  
  123  21:16  Roach  
  123  21:18  Overseer, Roach  
  113  21:20  Roach  
  113  21:22  Roach  
  113  21:24  Hydralisk  
  103  21:27  Roach  
  103  21:29  Roach  
  103  21:30  Overseer  
  104  21:33  Roach  
  104  21:35  Hydralisk  
  104  21:37  Hydralisk  
  110  21:40  Hydralisk  
  110  21:42  Hydralisk  
  110  21:46  Overlord  
  111  21:47  Zergling x2  
  111  21:50  Roach  
  111  21:52  Roach  
  94  21:56  Overseer  
  94  21:57  Roach  
  94  21:59  Roach  
  88  22:01  Roach  
  88  22:06  Roach  
  86  22:09  Roach  
  86  22:10  Drone  
  80  22:16  Drone  
  80  22:17  Roach  
  80  22:21  Roach  
  77  22:24  Roach  
  77  22:26  Zergling x2, Roach  
  77  22:28  Drone, Infestor  
  67  22:30  Hydralisk  
  67  22:32  Hydralisk  
  67  22:33  Drone x2  
  67  22:35  Roach  
  57  22:38  Roach  
  57  22:40  Roach  
  57  22:42  Roach  
  60  22:45  Roach  
  60  22:48  Roach x2  
  60  22:49  Hydralisk  
  60  22:51  Hydralisk  
  54  23:00  Hydralisk  
  54  23:02  Zergling x2  
  53  23:06  Roach  
  53  23:09  Zergling x2  
  55  23:14  Zergling x2, Hatchery  
  45  23:21  Queen  
  45  23:24  Zergling x2  
  45  23:25  Zergling x2  
  40  23:28  Zergling x2  
  40  23:31  Zergling x2  
  41  23:34  Zergling x2  
  41  23:38  Zergling x2  
  43  23:42  Zergling x2  
  43  23:45  Zergling x2  
  43  23:48  Zergling x2  
  43  23:53  Zergling x2  
  43  23:57  Zergling x2  
  37  24:14  Zergling x2  
  39  24:18  Zergling x2  
  40  24:28  Overlord  
  13  24:42  Drone x2  
Tags
 
Add a new tag
Caveats
  • Supply blocks, unpowered buildings, or Contaminate may cause inaccurate times.
  • Supply counts are checked every 10 seconds.